[Event "10th Mumbai Mayors Cup 2017"]
[Site "Mumbai"]
[Date "2017.06.07"]
[Round "6"]
[White "Sai, Krishna G V"]
[Black "Rahman, Syed Mahfuzur"]
[Result "1-0"]
[ECO "B30"]
[WhiteElo "2339"]
[BlackElo "2260"]
[Annotator "NA"]
[PlyCount "46"]
[EventDate "2017.06.04"]
[EventType "swiss"]
[EventCountry "IND"]
[SourceTitle "playchess.com"]
[Source "ChessBase"]
[SourceQuality "1"]
[TimeControl "5400+30"]

1. e4 c5 2. Nf3 Nc6 3. Nc3 Nf6 4. Bb5 Nd4 5. e5 Nxb5 6. Nxb5 Nd5 7. Qe2 e6 8. d4 a6 9. c4 Nb4 10. Nc3 cxd4 11. Nxd4 d6 12. O-O dxe5 13. Qxe5 Nd3 14. Qe4 Nxc1 15. Raxc1 Be7 16. Nb3 $11 (16. b4 $5) 16... Qc7 17. Rfe1 O-O 18. Nd5 exd5 19. cxd5 Qd8 20. Qxe7 Qxe7 21. Rxe7 Bf5 22. Rcc7 Rfd8 23. Red7 Kf8 1-0

[Event "10th Mumbai Mayors Cup 2017"]
[Site "Mumbai"]
[Date "2017.06.07"]
[Round "6"]
[White "Muthaiah, Al"]
[Black "Pranav, Anand"]
[Result "1/2-1/2"]
[ECO "A05"]
[WhiteElo "2297"]
[BlackElo "2068"]
[Annotator "NA"]
[PlyCount "121"]
[EventDate "2017.06.04"]
[EventType "swiss"]
[EventCountry "IND"]
[SourceTitle "playchess.com"]
[Source "ChessBase"]
[SourceQuality "1"]
[TimeControl "5400+30"]

1. Nf3 Nf6 2. g3 b5 3. Bg2 Bb7 4. O-O e6 5. d3 d5 6. c4 b4 7. cxd5 exd5 8. e4 dxe4 9. dxe4 Qxd1 10. Rxd1 Bc5 11. e5 Ng4 12. Rd2 Nd7 13. h3 Nh6 (13... Nxf2 $5 14. Rxf2 O-O-O $11) 14. Rc2 Nf5 $11 15. g4 Ne7 16. e6 fxe6 17. Ng5 Bxg2 18. Kxg2 e5 19. Ne6 Bb6 20. Nxg7+ Kf7 21. Nh5 Nd5 22. Nd2 Nc5 23. Nc4 Nd3 24. Be3 Rhe8 25. Rd1 e4 26. Ng3 Rad8 27. Kh2 Kg8 28. Rcd2 c5 29. Nxb6 axb6 30. Nxe4 Nxe3 31. Nf6+ Kf7 32. fxe3 Kxf6 33. Rxd3 Rxd3 34. Rxd3 c4 35. Rd4 Rxe3 36. Rxc4 Re2+ 37. Kg3 Rxb2 38. Rc6+ Kg7 39. Rxb6 Rxa2 40. Rxb4 Ra3+ 41. Kh4 Rc3 42. g5 Rc6 43. Kh5 Rc7 44. Rb6 Ra7 45. h4 Rc7 46. Rf6 Ra7 47. Kg4 Ra4+ 48. Kh5 Ra7 49. Rf4 Rb7 50. Rc4 Ra7 51. Kg4 h6 52. Rc5 hxg5 53. hxg5 Ra8 54. Rc7+ Kg8 55. Kh5 Rb8 56. Kh6 Ra8 57. Rg7+ Kh8 58. Rb7 Kg8 59. g6 Rc8 60. Rg7+ Kh8 61. Rh7+ 1/2-1/2

[Event "10th Mumbai Mayors Cup 2017"]
[Site "Mumbai"]
[Date "2017.06.07"]
[Round "6"]
[White "Saurabh, Anand"]
[Black "Priyanka, K."]
[Result "1-0"]
[ECO "B01"]
[WhiteElo "2266"]
[BlackElo "2067"]
[Annotator "NA"]
[PlyCount "145"]
[EventDate "2017.06.04"]
[EventType "swiss"]
[EventCountry "IND"]
[SourceTitle "playchess.com"]
[Source "ChessBase"]
[SourceQuality "1"]
[TimeControl "5400+30"]

1. e4 d5 2. exd5 Qxd5 3. Nc3 Qa5 4. Bc4 Nf6 5. d3 Bg4 6. f3 Bf5 7. g4 Bg6 8. f4 e6 9. Qe2 Be7 10. Bd2 Qb6 11. O-O-O Nc6 12. f5 Nd4 $16 (12... exf5 $14 13. g5 Bh5) 13. Qe1 Nxf5 14. gxf5 Bxf5 15. Nb5 Qc6 16. Ne2 a6 17. Nbd4 Qc5 18. Nxf5 Qxf5 19. Qg3 Bd6 20. Qg2 Qg4 21. Rhg1 Qxg2 22. Rxg2 Rg8 23. Rdg1 g6 24. Rf1 Nd7 25. Bf4 Ke7 26. Rgf2 f6 27. Re1 Rge8 28. Bxd6+ Kxd6 29. d4 e5 30. dxe5+ Rxe5 31. Rd1+ Ke7 32. Nf4 Nb6 33. Nd5+ Nxd5 34. Bxd5 c6 35. Bb3 Re8 36. Rfd2 Kf8 37. Rd7 R8e7 38. Rxe7 Kxe7 39. Kd2 Rh5 40. Re1+ Kd7 41. Re2 f5 42. Ke3 Rh4 43. Kf3 Kd6 44. Kg3 Rg4+ 45. Kh3 Kd7 46. Bg8 Rg5 47. Kh4 Rg4+ 48. Kh3 Rg5 49. Rg2 Rh5+ 50. Kg3 Rg5+ 51. Kf3 Rh5 52. Kf4 Ke7 53. Re2+ Kf6 54. Bb3 Rh4+ 55. Kf3 Kg5 56. a4 Rb4 57. Bg8 h5 58. b3 Rf4+ 59. Kg2 Rg4+ 60. Kf2 Rd4 61. a5 Rd7 62. Be6 Re7 63. Bc4 Rd7 64. Kf3 Kf6 65. Re6+ Kg5 66. h4+ Kh6 67. c3 Rd1 68. Re7 Ra1 69. Rxb7 Rxa5 70. Kf4 Ra1 71. Bg8 Rf1+ 72. Ke5 g5 73. Kf6 1-0

[Event "10th Mumbai Mayors Cup 2017"]
[Site "Mumbai"]
[Date "2017.06.07"]
[Round "6"]
[White "Sekar, B."]
[Black "Alahakoon, Isuru"]
[Result "1-0"]
[ECO "B07"]
[WhiteElo "2252"]
[BlackElo "2047"]
[Annotator "NA"]
[PlyCount "63"]
[EventDate "2017.06.04"]
[EventType "swiss"]
[EventCountry "IND"]
[SourceTitle "playchess.com"]
[Source "ChessBase"]
[SourceQuality "1"]
[TimeControl "5400+30"]

1. e4 d6 2. d4 Nf6 3. Nc3 c6 4. Be3 Nbd7 5. Nf3 e5 6. a4 Be7 7. Bc4 Qc7 8. Ba2 h6 9. O-O Nf8 10. h3 a5 11. Qd3 Ng6 12. Ne2 d5 (12... O-O $14) 13. Nxe5 Nxe5 14. dxe5 Nxe4 15. c4 Nc5 16. Qc2 $11 (16. Bxc5 $16 Bxc5 17. Qg3) 16... Qxe5 17. cxd5 Bf5 18. Qd1 O-O 19. Ng3 Bg6 20. Bd4 Qg5 21. Re1 cxd5 22. Re5 Qh4 23. Rxd5 Rad8 24. Bc3 Nd3 25. Qf3 Rxd5 26. Bxd5 Bc5 27. Rf1 Nf4 28. Bxb7 Rd8 29. Be5 Nd3 30. Bc7 Rd7 31. Qc6 Nxf2 32. Qxc5 1-0

[Event "10th Mumbai Mayors Cup 2017"]
[Site "Mumbai"]
[Date "2017.06.07"]
[Round "6"]
[White "Kiran, Manisha Mohanty"]
[Black "Mohammad, Fahad Rahman"]
[Result "0-1"]
[ECO "C42"]
[WhiteElo "2177"]
[BlackElo "2305"]
[Annotator "NA"]
[PlyCount "108"]
[EventDate "2017.06.04"]
[EventType "swiss"]
[EventCountry "IND"]
[SourceTitle "playchess.com"]
[Source "ChessBase"]
[SourceQuality "1"]
[TimeControl "5400+30"]

1. e4 e5 2. Nf3 Nf6 3. Nxe5 d6 4. Nf3 Nxe4 5. Qe2 Qe7 6. d3 Nf6 7. Bg5 Be6 8. Nc3 h6 9. Bxf6 gxf6 10. O-O-O Nc6 11. d4 d5 12. Qb5 O-O-O 13. a3 Qd6 14. Kb1 Rg8 15. Qa4 a6 $14 16. g3 Nb8 17. Nh4 b5 18. Qa5 Kb7 19. Na2 Nc6 20. Qd2 Ka7 21. Nc1 b4 22. Qe2 Bc8 23. a4 Na5 24. Nb3 Nc4 25. Nd2 Bg4 26. f3 Be6 27. Qf2 Qc6 28. Nb3 Ka8 29. a5 Qa4 30. Qe2 Bd6 31. Qd3 Bd7 32. Qh7 Nxa5 33. Qxf7 Bc6 34. Nxa5 Qxa5 35. b3 Rgf8 36. Qg6 Bd7 37. Qxh6 c5 38. Qh5 f5 39. Qg6 Be8 40. Qg5 Bd7 41. Qg6 Bc8 42. Qg5 Be6 43. Qc1 c4 44. Qb2 Rc8 45. Qa2 Qb6 46. bxc4 dxc4 47. d5 b3 48. cxb3 Bd7 49. Rc1 Bb5 50. bxc4 Ba4+ 51. Qb2 Qc5 52. Ka2 Rb8 53. Qc3 Bb3+ 54. Qxb3 Qa5+ 0-1

[Event "10th Mumbai Mayors Cup 2017"]
[Site "Mumbai"]
[Date "2017.06.07"]
[Round "6"]
[White "Raja, Rithvik R"]
[Black "Parthasarathy, R."]
[Result "1-0"]
[ECO "A13"]
[WhiteElo "2155"]
[BlackElo "1922"]
[Annotator "NA"]
[PlyCount "75"]
[EventDate "2017.06.04"]
[EventType "swiss"]
[EventCountry "IND"]
[SourceTitle "playchess.com"]
[Source "ChessBase"]
[SourceQuality "1"]
[TimeControl "5400+30"]

1. Nf3 e6 2. c4 b6 3. g3 g5 4. Bg2 Bb7 5. h3 Bg7 6. d4 h6 7. g4 (7. Nc3 $14) 7... Ne7 8. h4 gxh4 (8... h5 $5 9. d5 hxg4 10. Nxg5 exd5 $15) 9. Nxh4 Nbc6 ({Black should try} 9... Bxg2 $11 10. Nxg2 d5) 10. e3 (10. d5 $14) 10... Bf6 11. Nc3 d5 $14 12. cxd5 Nxd5 13. Nxd5 Bxh4 14. Rxh4 exd5 15. Rh5 Ne7 16. Bd2 Qd7 17. Bh3 f5 18. gxf5 Rg8 19. Bg4 O-O-O 20. f3 Kb8 21. Qc2 Rdf8 22. O-O-O Rf6 23. Kb1 Bc8 24. Rc1 Nxf5 25. e4 dxe4 26. Bf4 Rxg4 27. Bxc7+ Kb7 28. fxg4 Nxd4 29. Qxe4+ Nc6 30. Be5 Qxg4 31. Qh7+ Ka8 32. Bxf6 Qxh5 33. Qh8 Qf5+ 34. Ka1 Kb7 35. Qg7+ Ka6 36. Qxh6 Nb4 37. Qd2 Qg4 38. a3 1-0

[Event "10th Mumbai Mayors Cup 2017"]
[Site "Mumbai"]
[Date "2017.06.07"]
[Round "6"]
[White "Sreeshwan, Maralakshikari"]
[Black "Navalgund, Niranjan"]
[Result "0-1"]
[ECO "A48"]
[WhiteElo "2072"]
[BlackElo "2351"]
[Annotator "NA"]
[PlyCount "196"]
[EventDate "2017.06.04"]
[EventType "swiss"]
[EventCountry "IND"]
[SourceTitle "playchess.com"]
[Source "ChessBase"]
[SourceQuality "1"]
[TimeControl "5400+30"]

1. d4 Nf6 2. Nf3 c5 3. e3 g6 4. dxc5 Qa5+ 5. Nbd2 Qxc5 6. a3 Bg7 7. b4 Qc7 8. Bb2 O-O 9. Be2 b6 10. O-O Bb7 11. c4 d6 12. Rc1 {A48: 1 d4 Nf6 2 Nf3 g6: Torre, London and Colle Systems} Nbd7 13. h3 (13. Qb3 Rac8 14. Rfd1 Qb8 15. Bf1 Rfd8 16. Nd4 Qa8 17. Ba1 a6 18. Rc2 Rc7 19. Rdc1 Rdc8 20. Ne2 d5 21. Nf4 e6 22. cxd5 Rxc2 23. Rxc2 Nxd5 24. Bxg7 Kxg7 {½-½ (52) Bukavshin,I (2657)-Gelfand,B (2731) Moscow 2015}) 13... Rac8 14. Qb3 Qb8 15. Rfd1 Rfd8 16. Nd4 e6 $146 ({Predecessor:} 16... a6 17. Bf3 Ne5 18. Bxb7 Qxb7 19. N4f3 Nfd7 20. Nd4 Nf6 21. N4f3 Ned7 22. Qd3 Rc7 23. Rc2 Rdc8 {½-½ (62) Gedajlovic,M (2304)-Malek,D (2430) Prague 2016}) 17. Bf3 d5 18. cxd5 Nxd5 19. Nc4 a6 20. Ne2 b5 21. Na5 Ba8 22. Bxg7 Kxg7 23. Qb2+ Kg8 24. Nd4 Qe5 25. Rxc8 Rxc8 26. Rc1 Re8 27. Qd2 Qg5 $14 28. Ndc6 N7f6 29. Rc5 Nd7 30. Rc2 N7b6 31. Qd4 e5 32. Qc5 e4 33. Be2 Qf6 34. Qd4 Qe6 35. Rc5 h5 36. Bd1 Rc8 37. Ne5 Re8 38. Nec6 Rc8 39. Ne5 Nf6 40. Rxc8+ Nxc8 41. Bb3 Bd5 42. Bxd5 Qxd5 43. Qxd5 Nxd5 44. Nb7 Nc7 45. Nd7 f5 46. Nbc5 Nd6 47. Nb8 Nc4 48. Nbxa6 Nxa6 49. Nxa6 Nxa3 50. Kf1 Kf7 51. Ke2 Ke6 52. Kd2 Kd6 53. Kc3 g5 54. Nc5 Nc4 55. g4 h4 56. gxf5 Ke5 57. f6 Nd6 58. Nd7+ Ke6 59. Nc5+ Ke5 60. Nd7+ Kd5 61. Nf8 g4 62. Ng6 gxh3 63. Nf4+ Ke5 64. Nxh3 Kxf6 65. Kd4 Kf5 66. Kc5 Kg4 67. Ng1 Nf5 68. Kd5 Ne7+ 69. Kxe4 Nc6 70. f4 Nxb4 71. f5 Nc6 72. f6 Nd8 73. Ke5 b4 74. Kd4 Kf5 75. Kc4 Kxf6 76. Kxb4 Kf5 77. Kc3 Kg4 78. Kd4 Ne6+ 79. Kd5 Ng5 80. e4 Kg3 81. Ne2+ Kf3 82. Ke5 Kxe2 83. Kf4 Kf2 84. e5 h3 85. Kxg5 h2 86. e6 h1=Q 87. Kf6 Qh6+ 88. Kf7 Qf4+ 89. Kg7 Qe5+ 90. Kf7 Qf5+ 91. Ke7 Ke3 92. Kd6 Qf6 93. Kd7 Qd4+ 94. Kc8 Qc4+ 95. Kd7 Qd5+ 96. Ke7 Kf4 97. Kf6 Qf5+ 98. Ke7 Ke5 0-1

[Event "10th Mumbai Mayors Cup 2017"]
[Site "Mumbai"]
[Date "2017.06.07"]
[Round "6"]
[White "Nikhil, Magizhnan"]
[Black "Jayakumaar, S."]
[Result "1/2-1/2"]
[ECO "B31"]
[WhiteElo "1983"]
[BlackElo "2185"]
[Annotator "NA"]
[PlyCount "99"]
[EventDate "2017.06.04"]
[EventType "swiss"]
[EventCountry "IND"]
[SourceTitle "playchess.com"]
[Source "ChessBase"]
[SourceQuality "1"]
[TimeControl "5400+30"]

1. e4 c5 2. Nf3 Nc6 3. Bb5 g6 4. Bxc6 dxc6 5. d3 Bg7 6. h3 Nf6 7. Nc3 Nd7 8. Be3 e5 9. Qd2 h6 10. Qe2 Qe7 11. g4 b6 12. Nd2 $11 Nf8 13. f3 Ne6 14. Qf2 h5 15. O-O-O Ba6 16. Ne2 O-O-O 17. Kb1 h4 18. Nc4 g5 19. Bc1 Bxc4 20. dxc4 Kb7 21. c3 Kc7 22. Kc2 a5 23. Be3 a4 24. Rxd8 Rxd8 25. Rd1 f6 26. Rxd8 Nxd8 27. Nc1 Nb7 28. Qe2 Qf7 29. Qf1 Bf8 30. Qe2 Kc8 31. b3 Nd6 32. Kb1 Qa7 33. Qf2 Kc7 34. Kb2 Qa5 35. Qe2 axb3 36. axb3 b5 37. cxb5 Nxb5 38. Qc4 Qa3+ 39. Kc2 Bd6 40. Qa4 c4 41. Qxa3 Nxa3+ 42. Kb2 Kb7 43. Na2 cxb3 44. Kxb3 Nb5 45. Nc1 c5 46. Nd3 Kc6 47. Nb2 Nc7 48. Kc4 Ne6 49. Nd3 Be7 50. Bf2 1/2-1/2

[Event "10th Mumbai Mayors Cup 2017"]
[Site "Mumbai"]
[Date "2017.06.07"]
[Round "6"]
[White "Mrudul, Dehankar"]
[Black "Kulkarni, Bhakti"]
[Result "1/2-1/2"]
[ECO "D13"]
[WhiteElo "1942"]
[BlackElo "2292"]
[Annotator "NA"]
[PlyCount "142"]
[EventDate "2017.06.04"]
[EventType "swiss"]
[EventCountry "IND"]
[SourceTitle "playchess.com"]
[Source "ChessBase"]
[SourceQuality "1"]
[TimeControl "5400+30"]

1. d4 d5 2. c4 c6 3. Nc3 Nf6 4. cxd5 cxd5 5. Nf3 Nc6 6. Bf4 a6 7. e3 e6 8. Bd3 Bd6 9. Bxd6 Qxd6 10. O-O O-O 11. Rc1 Nd7 12. Qe2 f5 13. Nd2 $14 b5 14. f4 Bb7 15. Nf3 Rac8 16. Ne5 Ndxe5 17. fxe5 Qe7 18. Bb1 Na5 19. Qd3 Nc4 20. b3 Na3 21. Ne2 b4 22. Qd2 Nxb1 23. Rxb1 a5 24. Rfc1 g5 25. Rxc8 Rxc8 26. Rc1 Qd8 27. Rc5 Rxc5 28. dxc5 Qc7 29. Qd4 Ba6 30. Ng3 Qc6 31. h3 h6 32. Kh2 Kh7 33. Nh5 Kg6 34. Nf6 Be2 35. Qd2 Qc7 36. Qd4 Qc6 37. Qd2 Bb5 38. Qd4 Kf7 39. Kg3 Qc7 40. Kf2 Ba6 41. g4 fxg4 42. Nxg4 Kg7 43. Kg3 Qc6 44. h4 Qb5 45. hxg5 hxg5 46. Nf2 Qe8 47. Qg4 Qg6 48. c6 Qf5 49. Qxf5 exf5 50. c7 Kf7 51. Nd3 Ke7 52. Nc5 Bc8 53. Kf3 Ke8 54. Kg3 Ke7 55. Kf3 Ke8 56. Kf2 Ke7 57. Kg3 Ke8 58. Kf3 Ke7 59. Kg3 Ke8 60. e6 Ke7 61. Na4 Kxe6 62. Nb6 Bb7 63. c8=Q+ Bxc8 64. Nxc8 d4 65. exd4 f4+ 66. Kf3 Kd5 67. Ne7+ Kxd4 68. Nc6+ Kc3 69. Nxa5 Kb2 70. Nc6 Kxa2 71. Nxb4+ Kxb3 1/2-1/2

[Event "10th Mumbai Mayors Cup 2017"]
[Site "Mumbai"]
[Date "2017.06.08"]
[Round "7"]
[White "Akash, Pc Iyer"]
[Black "Kamdar, Udit"]
[Result "1-0"]
[ECO "A06"]
[WhiteElo "2282"]
[BlackElo "2028"]
[Annotator "NA RC"]
[PlyCount "57"]
[EventDate "2017.06.04"]
[EventType "swiss"]
[EventCountry "IND"]
[SourceTitle "playchess.com"]
[Source "ChessBase"]
[SourceQuality "1"]
[TimeControl "5400+30"]

1. Nf3 c6 2. b3 d5 3. Bb2 Nf6 4. g3 {A06: Réti Opening:1 Nf3 d5} Nbd7 (4... Bg4 5. Bg2 Nbd7 6. d4 e6 7. Nbd2 Bd6 8. c4 O-O 9. O-O Qe7 10. Re1 Ba3 11. Qc1 Bxb2 12. Qxb2 a5 13. a3 Bxf3 14. Bxf3 h6 15. Bg2 Rfd8 16. e3 Ne8 17. e4 dxe4 18. Nxe4 Nd6 19. Nc3 Qf6 20. Rad1 {1-0 (65) Rapport,R (2676)-Piorun,K (2551) Germany 2013}) 5. Bg2 Qc7 6. d3 e5 7. Nbd2 Bd6 8. e4 O-O 9. O-O Re8 10. Re1 b5 $146 ({Predecessor:} 10... d4) 11. h3 d4 12. Nh4 Nb6 13. c3 c5 14. Rc1 Qd8 15. Nf5 Rb8 16. Nxd6 Qxd6 17. cxd4 cxd4 18. Rf1 Ba6 19. f4 Nfd7 20. Nf3 f6 21. fxe5 Nxe5 22. Nxd4 b4 {[#]} 23. Nf5 $1 Qxd3 (23... Qd8 $142 24. Bxe5 Rxe5) 24. Rc7 $1 Nf7 $18 (24... Qxd1 25. Rxg7+ (25. Rxd1 Rb7 $18) 25... Kf8 26. Rxd1 Rb7) 25. Qg4 g6 26. Rxf7 Kxf7 27. Nh6+ Ke7 28. Bxf6+ Kd6 29. Rd1 1-0

[Event "10th Mumbai Mayors Cup 2017"]
[Site "Mumbai"]
[Date "2017.06.08"]
[Round "7"]
[White "Raahul, V S"]
[Black "Mrudul, Dehankar"]
[Result "1/2-1/2"]
[ECO "A29"]
[WhiteElo "2282"]
[BlackElo "1942"]
[Annotator "RC"]
[PlyCount "70"]
[EventDate "2017.06.04"]
[EventType "swiss"]
[EventCountry "IND"]
[SourceTitle "playchess.com"]
[Source "ChessBase"]
[SourceQuality "1"]
[TimeControl "5400+30"]

1. c4 e5 2. Nc3 Nf6 3. g3 d5 4. cxd5 Nxd5 5. Bg2 Be6 6. Nf3 Nc6 7. O-O Nb6 8. Rb1 a5 9. d3 Be7 10. Be3 O-O 11. Bxb6 cxb6 12. Nd2 b5 13. Nxb5 Bxa2 14. Ra1 Be6 15. Nc4 Bc5 16. Qa4 f6 17. Nc3 Qd4 18. Bxc6 bxc6 19. Qxc6 Bxc4 20. Ra4 Rfc8 21. Qg2 Bb4 22. dxc4 Qxc4 23. Nd5 Qb5 24. b3 Bd6 25. Rc4 Rab8 26. Nc3 Qb6 27. Rd1 Bf8 28. Qd5+ Kh8 29. Na4 Qa6 30. h4 h6 31. Qf7 Rb7 32. Qd5 Rbb8 33. Qe6 Re8 34. Qf7 Qb7 35. Qxb7 Rxb7 1/2-1/2

[Event "10th Mumbai Mayors Cup 2017"]
[Site "Mumbai"]
[Date "2017.06.08"]
[Round "7"]
[White "Sauravh, Khherdekar"]
[Black "Sai, Krishna G V"]
[Result "0-1"]
[ECO "A45"]
[WhiteElo "2230"]
[BlackElo "2339"]
[Annotator "RC"]
[PlyCount "74"]
[EventDate "2017.06.04"]
[EventType "swiss"]
[EventCountry "IND"]
[SourceTitle "playchess.com"]
[Source "ChessBase"]
[SourceQuality "1"]
[TimeControl "5400+30"]

1. d4 Nf6 2. Bf4 g6 3. Nc3 d5 4. e3 Bg7 5. h4 c6 6. Qd2 Nbd7 7. Nf3 Ng4 8. e4 dxe4 9. Nxe4 Ndf6 10. Nxf6+ Nxf6 11. Bc4 h6 12. O-O Nd5 13. Be5 f6 14. Bg3 Bf5 15. Bd3 Qd7 16. c4 Nb6 17. Rfe1 Kf7 18. h5 g5 19. Re3 Rhe8 20. Ne5+ fxe5 21. Bxf5 Qxf5 22. Rf3 Qxf3 23. gxf3 exd4 24. Qd3 e5 25. Re1 Nd7 26. Qf5+ Ke7 27. Qg6 Rg8 28. c5 Bf6 29. Qd3 Kf8 30. Qb3 Rb8 31. Qe6 Rg7 32. Qd6+ Re7 33. Bxe5 Bxe5 34. Rxe5 Nxe5 35. Qxb8+ Kf7 36. Kg2 d3 37. Kf1 d2 0-1

[Event "10th Mumbai Mayors Cup 2017"]
[Site "Mumbai"]
[Date "2017.06.10"]
[Round "9"]
[White "Krishna Teja, N."]
[Black "Gokhale, Anupama"]
[Result "1/2-1/2"]
[ECO "D34"]
[WhiteElo "2406"]
[BlackElo "2047"]
[Annotator "NA"]
[PlyCount "123"]
[EventDate "2017.06.04"]
[EventType "swiss"]
[EventCountry "IND"]
[SourceTitle "playchess.com"]
[Source "ChessBase"]
[SourceQuality "1"]
[TimeControl "5400+30"]

1. d4 d5 2. c4 e6 3. Nc3 c5 4. cxd5 exd5 5. Nf3 Nc6 6. g3 Nf6 7. Bg2 Be7 8. O-O O-O 9. dxc5 Bxc5 10. Bg5 d4 11. Bxf6 Qxf6 12. Ne4 Qe7 13. Nxc5 Qxc5 14. Rc1 Qb5 15. Nxd4 Nxd4 16. Qxd4 Be6 17. b3 Qxe2 18. Bxb7 Rad8 19. Qxa7 Rd7 20. Qa6 Qxa6 21. Bxa6 Ra7 22. Rc6 Rfa8 23. Rd1 Bg4 24. Rdd6 Kf8 25. Kg2 Be6 26. Kf3 Ke7 27. Ke3 Bd7 28. Rb6 Rc7 29. a4 Be6 30. b4 Bc4 31. b5 Bb3 32. a5 Rc1 33. Rd3 Re1+ 34. Kf4 Be6 35. h4 Ra1 36. Rb7+ Kf6 37. Rd4 h6 38. Rc7 Ra3 39. h5 Rg8 40. Bb7 g5+ 41. hxg6 Rxg6 42. f3 Rg5 43. g4 h5 44. gxh5 Rxh5 45. Rd2 Rxb5 46. a6 Rb4+ 47. Kg3 Rb6 48. Bd5 Raxa6 49. Bxe6 fxe6 50. Rdd7 Rd6 51. Rh7 Ke5 52. Rh5+ Kd4 53. Rh1 Ra3 54. Rcc1 Rd5 55. Rcd1+ Kc5 56. Rc1+ Kd6 57. Rhd1 Rxd1 58. Rxd1+ Ke5 59. Kg4 Ra8 60. f4+ Kf6 61. Rd6 Rg8+ 62. Kf3 1/2-1/2

[Event "10th Mumbai Mayors Cup 2017"]
[Site "Mumbai"]
[Date "2017.06.10"]
[Round "9"]
[White "Iniyan, P."]
[Black "Dixit, Nikhil"]
[Result "1-0"]
[ECO "E91"]
[WhiteElo "2392"]
[BlackElo "2101"]
[Annotator "NA"]
[PlyCount "84"]
[EventDate "2017.06.04"]
[EventType "swiss"]
[EventCountry "IND"]
[SourceTitle "playchess.com"]
[Source "ChessBase"]
[SourceQuality "1"]
[TimeControl "5400+30"]

1. d4 Nf6 2. c4 g6 3. Nc3 Bg7 4. e4 d6 5. Nf3 O-O 6. Be2 Bg4 7. Ng1 Bc8 8. Nf3 Bg4 9. Be3 Nfd7 10. Rc1 e5 11. d5 a5 12. O-O Na6 13. a3 Ndc5 14. b3 f5 15. h3 Bh5 16. Rb1 f4 17. Bd2 g5 18. b4 axb4 19. axb4 Nd7 20. g4 Bg6 21. Ne1 Nf6 22. f3 h5 23. Nd3 hxg4 24. hxg4 Kf7 25. Qb3 Rh8 26. Kg2 Rh4 27. Be1 Rh6 28. Bf2 Qh8 29. Rh1 Rxh1 {Qe8} 30. c5 Nb8 31. Nb2 Bf8 32. Nb5 {Qd7 Qc4} Ne8 33. c6 {Qc8 Na7} Ra7 34. Bxa7 b6 35. Nd1 Nf6 {Nc3 Be7 Nd1 Ne8} 36. Nf2 {Nf6 Qa2 Bf8 Ra1} Be7 37. Rxh1 Bd8 {Bb5 Be7} 38. Qa3 {Bd8 Bd3} Be7 {Be2 Bd8} 39. Bxb8 Qxb8 40. Qa6 {Be7} Qb7 {Qd8} 41. Ra1 Bf8 {Ra7 Ne8} 42. Qxb6 {Qf6 Rxc7 Nxc7 Qxc7} Be7 {Qd7} 1-0

[Event "10th Mumbai Mayors Cup 2017"]
[Site "Mumbai"]
[Date "2017.06.10"]
[Round "9"]
[White "Rathnakaran, K."]
[Black "Datta Ramakrishna J"]
[Result "1-0"]
[ECO "B76"]
[WhiteElo "2378"]
[BlackElo "1364"]
[Annotator "NA"]
[PlyCount "93"]
[EventDate "2017.06.04"]
[EventType "swiss"]
[EventCountry "IND"]
[SourceTitle "playchess.com"]
[Source "ChessBase"]
[SourceQuality "1"]
[TimeControl "5400+30"]

1. e4 c5 2. Nf3 d6 3. d4 cxd4 4. Nxd4 Nf6 5. Nc3 g6 6. Be3 Bg7 7. f3 Nc6 8. Qd2 O-O 9. O-O-O d5 10. Kb1 Nxd4 11. e5 Nxf3 12. gxf3 Nh5 13. f4 Bg4 14. Be2 Bxe2 15. Qxe2 e6 16. Rhg1 f5 17. Nb5 Kh8 18. c4 a6 19. Nd6 Qh4 20. cxd5 exd5 21. Qf3 Qxh2 22. Rg5 Rac8 23. Nxc8 Rxc8 24. Rg2 Qh4 25. Rxd5 Bh6 26. Rd1 Bxf4 27. Qxb7 Re8 28. Rd7 Nf6 29. exf6 Bxe3 30. Rxh7+ Qxh7 31. Rh2 Bh6 32. Qh1 Kg8 33. Rxh6 Re1+ 34. Qxe1 Qxh6 35. Qe8+ Kh7 36. f7 Qh1+ 37. Kc2 Qg2+ 38. Kc3 Qg3+ 39. Kb4 Qd6+ 40. Ka4 Qd4+ 41. b4 Qd1+ 42. Ka5 Qd5+ 43. b5 Qd2+ 44. Kb6 Qd6+ 45. Kb7 Qd5+ 46. Ka7 axb5 47. Qg8+ 1-0

[Event "10th Mumbai Mayors Cup 2017"]
[Site "Mumbai"]
[Date "2017.06.10"]
[Round "9"]
[White "Navalgund, Niranjan"]
[Black "Jishitha D"]
[Result "1-0"]
[ECO "E04"]
[WhiteElo "2351"]
[BlackElo "1933"]
[Annotator "NA"]
[PlyCount "103"]
[EventDate "2017.06.04"]
[EventType "swiss"]
[EventCountry "IND"]
[SourceTitle "playchess.com"]
[Source "ChessBase"]
[SourceQuality "1"]
[TimeControl "5400+30"]

1. d4 d5 2. Nf3 Nf6 3. c4 c6 4. g3 e6 5. Bg2 dxc4 6. O-O b5 7. b3 cxb3 8. Qxb3 a5 9. a4 b4 10. Ne5 Bb7 11. Bb2 Nfd7 12. Nd3 Be7 13. Nd2 O-O 14. Rac1 Nb6 15. Rfd1 Ba6 16. Ne4 Bxd3 17. Rxd3 Nd5 18. Nc5 Na6 19. Nxa6 Rxa6 20. e4 Nf6 21. Rd2 Qd7 22. Rdc2 h6 23. h3 Rc8 24. Rc4 Rb6 25. R1c2 Ra6 26. Bc1 Rb6 27. Be3 Rbb8 28. Rc1 Bf8 29. Kh2 Be7 30. R4c2 Bf8 31. f3 Ne8 32. f4 Nd6 33. g4 Nb7 34. e5 Nd8 35. Be4 c5 36. dxc5 Nc6 37. Rd2 Qc7 38. Kg2 Nxe5 39. fxe5 Qxe5 40. Bf3 Bxc5 41. Rdc2 Bxe3 42. Rxc8+ Rxc8 43. Rxc8+ Kh7 44. Qd3+ g6 45. Qe4 Qb2+ 46. Qc2 Qa1 47. Qd1 Qa2+ 48. Be2 b3 49. Rc7 Kg7 50. Qf1 Bf4 51. Qxf4 Qxe2+ 52. Qf2 1-0

[Event "10th Mumbai Mayors Cup 2017"]
[Site "Mumbai"]
[Date "2017.06.10"]
[Round "9"]
[White "Mohammad Fahad, Rahman"]
[Black "Rathanvel, V S"]
[Result "0-1"]
[ECO "A22"]
[WhiteElo "2305"]
[BlackElo "2332"]
[Annotator "NA"]
[PlyCount "62"]
[EventDate "2017.06.04"]
[EventType "swiss"]
[EventCountry "IND"]
[SourceTitle "playchess.com"]
[Source "ChessBase"]
[SourceQuality "1"]
[TimeControl "5400+30"]

1. c4 e5 2. g3 Nf6 3. Nc3 Bb4 4. Nd5 Nxd5 5. cxd5 O-O 6. a3 Ba5 7. Bg2 d6 8. e3 Bf5 9. b4 Bb6 10. d3 a5 11. Bb2 Qd7 12. e4 Bg6 13. Ne2 axb4 14. axb4 Rxa1 15. Bxa1 f5 16. Bh3 Qb5 17. O-O fxe4 18. Be6+ Kh8 19. d4 Qd3 20. Nc1 Qxd1 21. Rxd1 Na6 22. Na2 c6 23. dxc6 bxc6 24. Rd2 Nc7 25. Bd7 Nb5 26. Bxc6 Nxd4 27. Bxd4 exd4 28. Kg2 e3 29. fxe3 dxe3 30. Rxd6 Be4+ 31. Bxe4 e2 0-1

[Event "10th Mumbai Mayors Cup 2017"]
[Site "Mumbai"]
[Date "2017.06.10"]
[Round "9"]
[White "Ziatdinov, Raset"]
[Black "Shubham, Lakudkar"]
[Result "1-0"]
[ECO "B01"]
[WhiteElo "2301"]
[BlackElo "2001"]
[Annotator "NA"]
[PlyCount "63"]
[EventDate "2017.06.04"]
[EventType "swiss"]
[EventCountry "IND"]
[SourceTitle "playchess.com"]
[Source "ChessBase"]
[SourceQuality "1"]
[TimeControl "5400+30"]

1. e4 d5 2. exd5 Qxd5 3. Nc3 Qd6 4. d4 Nf6 5. Nf3 a6 6. Be2 g6 7. O-O Bg7 8. Bg5 Bf5 9. Ne5 c5 10. Nc4 Qxd4 11. Qe1 Qd8 12. Rd1 Nbd7 13. Bf3 O-O 14. Bxb7 Ra7 15. Bc6 Qb8 16. Qd2 Ng4 17. Bf4 Qb4 18. Nd5 Qxc4 19. Nxe7+ Kh8 20. Nxf5 gxf5 21. b3 Qd4 22. Qc1 Qf6 23. Bxd7 Qg6 24. Rd5 Nf6 25. Bxf5 Qh5 26. Rxc5 Rg8 27. Qe3 Bf8 28. Qe5 Bg7 29. Bd3 Qh4 30. Bg5 Nd7 31. Bxh4 Bxe5 32. Rxe5 1-0

[Event "10th Mumbai Mayors Cup 2017"]
[Site "Mumbai"]
[Date "2017.06.10"]
[Round "9"]
[White "Kulkarni Bhakti"]
[Black "Nayak Rajesh"]
[Result "1/2-1/2"]
[ECO "E63"]
[WhiteElo "2292"]
[BlackElo "2092"]
[Annotator "NA"]
[PlyCount "88"]
[EventDate "2017.06.04"]
[EventType "swiss"]
[EventCountry "IND"]
[SourceTitle "playchess.com"]
[Source "ChessBase"]
[SourceQuality "1"]
[TimeControl "5400+30"]

1. d4 Nf6 2. c4 g6 3. Nc3 Bg7 4. Nf3 d6 5. g3 O-O 6. Bg2 Nc6 7. O-O a6 8. e4 Rb8 9. h3 b5 10. cxb5 axb5 11. Re1 b4 12. Nd5 Nd7 13. Bg5 h6 14. Qc1 hxg5 15. Qxc6 e6 16. Ne3 Bb7 17. Qc2 c5 18. d5 exd5 19. Nxd5 Bxd5 20. exd5 Ne5 21. Nd2 Re8 22. Re2 f5 23. Rae1 Bh6 24. Nc4 Qc7 25. g4 Bg7 26. gxf5 gxf5 27. Qxf5 Qe7 28. Nxd6 Qxd6 29. Qxg5 Kf8 30. f4 Ng6 31. Re6 Rxe6 32. Rxe6 Qxf4 33. Rxg6 Qxg5 34. Rxg5 c4 35. d6 c3 36. bxc3 bxc3 37. Rf5+ Ke8 38. Bc6+ Kd8 39. Ba4 Ra8 40. Rf4 Bh6 41. Re4 Rxa4 42. Rxa4 c2 43. Rc4 c1=Q+ 44. Rxc1 Bxc1 1/2-1/2